AoeStats
← vivaelchacho

Arabia

506897664Analyzed
3v3 RM · 15d ago on Sep 15, 2026· 34m 16s· 6 players
Game mode
Random Map
Map size
Normal (6 player)
Population
200
Speed
Normal
Resources
Standard
Victory
Conquest
Starting age
Dark Age
Ending age
Imperial Age
RankedLock teamsTeams togetherTeam positionsShared explorationLock speedFull tech treeHidden civsTurbo modeCheats
Victory
Defeat
🇦🇷 Persians · Argentina
1231
+14
🇵🇱 Shu · Poland
1204
+15
🇨🇳 Maya · China
1143
+18
🇦🇷 Magyars · Argentina
1341
-22
🇦🇷 Vietnamese · Argentina
1148
-14
🇦🇷 Britons · Argentina
1055
-11
Papa Francisco
7:11 Loom
9:18 Feudal Age
9:58 Double-Bit Axe
18:10 Scale Barding Armor
26:55 Castle Age
26:09 Bloodlines
26:13 Gold Mining
26:05 Horse Collar
28:22 Chain Barding Armor
28:44 Husbandry
pabloi.arijon
5:32 Loom
9:23 Feudal Age
10:46 Double-Bit Axe
20:55 Padded Archer Armor
28:05 Castle Age
vivaelchacho
8:13 Loom
10:31 Feudal Age
15:55 Horse Collar
16:03 Double-Bit Axe
19:18 Padded Archer Armor
21:43 Fletching
24:44 Castle Age
25:24 Elite Skirmisher
25:25 Crossbowman
26:27 Bow Saw
26:30 Gold Mining
26:38 Bodkin Arrow
31:32 Ballistics
Bipedal_Man
6:45 Loom
9:22 Feudal Age
11:15 Double-Bit Axe
12:34 Fletching
18:47 Padded Archer Armor
24:52 Castle Age
24:52 Crossbowman
25:29 Bodkin Arrow
26:50 Thumb Ring
31:21 Leather Archer Armor
EL TÍO TUPAKIER
6:37 Loom
9:05 Feudal Age
9:40 Double-Bit Axe
15:29 Horse Collar
17:29 Forging
20:45 Wheelbarrow
23:57 Castle Age
22:54 Bloodlines
22:55 Gold Mining
24:40 Bow Saw
24:34 Husbandry
24:43 Scale Barding Armor
25:03 Heavy Plow
25:15 Light Cavalry
27:19 Gold Shaft Mining
29:21 Chain Barding Armor
30:21 Iron Casting
33:45 Hand Cart
拖尼
0:39 Loom
10:59 Feudal Age
13:44 Double-Bit Axe
15:12 Fletching
17:56 Town Watch
21:19 Castle Age
19:44 Gold Mining
20:02 Padded Archer Armor
21:49 Stone Mining
21:28 Crossbowman
22:27 Leather Archer Armor
23:26 Bodkin Arrow
26:36 Bow Saw
28:50 Wheelbarrow
28:41 Squires
34:35 Imperial Age
34:19 Hand Cart
35:04 Ballistics
Connection lost

Rejoining the realm…

Still unreachable

The connection could not be restored.

Session expired

The server has moved on; the page needs a fresh start.